AoeStats
← DKing

Arena

510147643Analyzed
4v4 RM · 2d ago on Sep 29, 2026· 29m 23s· 8 players
Game mode
Random Map
Map size
Large (8 player)
Population
200
Speed
Normal
Resources
Standard
Victory
Conquest
Starting age
Dark Age
Ending age
Imperial Age
RankedLock teamsTeams togetherTeam positionsShared explorationLock speedFull tech treeHidden civsTurbo modeCheats
Victory
Defeat
🇨🇳 Cumans · China
1344
+13
🇵🇪 Malians · Peru
1308
+14
🇺🇸 Inca · United States
1256
+16
🇳🇱 Teutons · Netherlands
1226
+18
🇹🇷 Berbers · Türkiye
1323
-18
🇳🇴 Khmer · Norway
1251
-15
🇹🇷 Koreans · Türkiye
1248
-14
🇵🇹 Goths · Portugal
1238
-14
JUST A TURK
6:53 Loom
7:21 Loom
9:48 Feudal Age
10:28 Double-Bit Axe
10:24 Horse Collar
18:41 Castle Age
17:00 Fletching
17:26 Gold Mining
19:25 Bodkin Arrow
20:35 Gold Shaft Mining
20:49 Gold Shaft Mining
24:48 Ballistics
25:09 Padded Archer Armor
28:51 Thumb Ring
Noob
10:04 Feudal Age
10:37 Loom
13:22 Castle Age
12:00 Double-Bit Axe
11:58 Horse Collar
20:50 Bow Saw
21:22 Heavy Plow
23:15 Wheelbarrow
28:03 Bloodlines
27:53 Husbandry
29:35 Scale Barding Armor
29:41 Forging
Günyüzü
10:55 Feudal Age
14:30 Castle Age
12:37 Double-Bit Axe
12:41 Horse Collar
14:19 Gold Mining
14:23 Fletching
15:07 Loom
16:18 Wheelbarrow
19:33 Bow Saw
24:23 Bodkin Arrow
DKing
4:36 Loom
11:09 Feudal Age
14:58 Castle Age
12:47 Double-Bit Axe
13:45 Horse Collar
16:12 Bow Saw
17:02 Heavy Plow
23:17 Wheelbarrow
25:35 Pikeman
26:41 Squires
27:12 Scale Mail Armor
27:22 Forging
Maverick8564
10:58 Feudal Age
14:42 Castle Age
12:33 Double-Bit Axe
13:06 Horse Collar
15:40 Bow Saw
16:01 Heavy Plow
16:09 Heavy Plow
20:52 Loom
26:05 Gold Mining
26:54 Wheelbarrow
26:05 Town Watch
27:41 Scale Mail Armor
27:52 Forging
27:32 Fletching
27:49 Scale Mail Armor
27:59 Forging
28:34 Squires
31:13 Imperial Age
28:59 Hand Cart
29:33 Gold Shaft Mining
29:53 Chain Mail Armor
29:26 Arson
OomAngel
2:06 Loom
11:32 Feudal Age
13:24 Double-Bit Axe
15:52 Castle Age
15:14 Double-Bit Axe
15:27 Stone Mining
17:49 Bow Saw
18:05 Horse Collar
22:11 Pikeman
22:53 Squires
24:54 Wheelbarrow
24:58 Fortified Wall
25:10 Ballistics
25:46 Town Watch
26:45 Gold Mining
27:58 Heavy Plow
28:47 Hand Cart
kraquen
11:00 Feudal Age
16:14 Castle Age
14:36 Double-Bit Axe
15:04 Loom
15:08 Horse Collar
24:20 Bow Saw
24:38 Heavy Plow
25:07 Scale Mail Armor
29:52 Wheelbarrow
30:00 Chain Mail Armor
chenst2020
8:28 Feudal Age
9:09 Double-Bit Axe
13:02 Wheelbarrow
13:20 Horse Collar
19:57 Castle Age
19:01 Bloodlines
19:04 Forging
19:39 Scale Barding Armor
21:08 Chain Barding Armor
21:00 Gold Mining
20:56 Capped Ram
23:13 Iron Casting
24:30 Bow Saw
Connection lost

Rejoining the realm…

Still unreachable

The connection could not be restored.

Session expired

The server has moved on; the page needs a fresh start.